 Dungeon Crawl Stone Soup version 0.29-a0-1052-g6990b1bffc (webtiles) character file.

Game seed: 14854333310714986888

121 drugrobin the Sneak (level 4, -9/39 HPs)
             Began as a Demigod Delver on Aug 17, 2022.
             Mangled by a gnoll
             ... wielding a +0 halberd
              (11 damage)
             ... on level 3 of the Dungeon.
             The game lasted 00:08:33 (3243 turns).

drugrobin the Sneak (Demigod Delver)                Turns: 3243, Time: 00:08:34

Health: -9/39      AC:  6    Str: 17    XL:     4   Next: 48%
Magic:  6/6        EV: 11    Int: 12    God:
Gold:   194        SH:  0    Dex: 15    Spells: 3/3 levels left

rFire   . . .      SeeInvis .   c - +1 dagger (venom)
rCold   . . .      Faith    .   (no shield)
rNeg    . . .      Spirit   .   i - +0 ring mail
rPois   .          Reflect  .   (no helmet)
rElec   .          Harm     .   (no cloak)
rCorr   .          Rampage  .   (no gloves)
Will    +....                   l - +0 pair of boots
Stlth   ++........              (no amulet)
HPRegen 0.13/turn               h - ring of willpower
MPRegen 0.10/turn               (no ring)

@: no status effects
A: high MP 1, forlorn, divine attributes
a: no special abilities


You were on level 3 of the Dungeon.
You visited 1 branch of the dungeon, and saw 6 of its levels.

You collected 194 gold pieces.

Inventory:

Hand Weapons
 a - a +0 hand axe
 b - a +0 war axe
 c - a +1 dagger of venom (weapon)
 y - a +2 flail of protection
Missiles
 u - a boomerang (quivered)
Armour
 i - a +0 ring mail (worn)
 k - a +0 leather armour
 l - a +0 pair of boots (worn)
Jewellery
 h - a ring of willpower (left hand)
Wands
 g - a wand of digging (3)
Scrolls
 d - a scroll of magic mapping
 n - a scroll of enchant weapon {unknown}
 o - 3 scrolls of identify {unknown}
 r - a scroll of torment {unknown}
 s - a scroll of fog
 w - a scroll of brand weapon {unknown}
Potions
 f - a potion of haste
 j - 2 potions of heal wounds {unknown}
 m - 2 potions of curing {unknown}
 p - a potion of resistance {unknown}
 q - 3 potions of berserk rage {unknown}
 t - a potion of flight {unknown}
 v - a potion of attraction {unknown}
 x - a potion of mutation {unknown}


   Skills:
 + Level 3.6 Fighting
 * Level 3.9 Axes
 - Level 1.7 Dodging
 - Level 4.5 Stealth


You had 3 spell levels left.
You didn't know any spells.
Your spell library contained the following spells:

 Spells                   Type           Power      Damage    Failure   Level
 Apportation              Tloc           0%         N/A       52%         1
 Beastly Appendage        Tmut           0%         N/A       52%         1
 Wereblood                Tmut           0%         N/A       67%         2
 Spider Form              Tmut/Pois      0%         N/A       88%         3
 Alistair's Intoxication  Tmut/Pois      0%         N/A       100%        5


Dungeon Overview and Level Annotations

Branches:
Dungeon (6/15)             Temple (0/1) D:4

Shops:
D:5 =

Annotations:
D:6 Prince Ribbit; Veterankin's ghost, novice HOFi


Innate Abilities, Weirdness & Mutations

You have an increased reservoir of magic. (+10% MP)
You shall have no god before yourself.
Your divine heritage dramatically boosts your attributes as you level up.


Message History

Unknown command.
Unknown command.
Unknown command.
Unknown command.
Unknown command.
The gnoll hits you with a +0 halberd.
There is a stone staircase leading up here.
You hit the gnoll.
The gnoll is heavily wounded.
The gnoll hits you with a +0 halberd.
You hit the gnoll but do no damage.
The gnoll is heavily wounded.
The gnoll hits you with a +0 halberd!
Unknown command.
Unknown command.
Your +1 dagger of venom begins to drip with poison!
c - a +1 dagger of venom (weapon)
The gnoll misses you.
You barely miss the gnoll.
The gnoll is heavily wounded.
The gnoll hits you with a +0 halberd!
* * * LOW HITPOINT WARNING * * *
Unknown command.
Unknown command.
Read: scroll of fear
Press: ? - help, Dir - look around, f - activate Look: a gnoll, wielding a +0 halberd (heavily wounded, chance to affect: 98%)
As you read the scroll of fear, it crumbles to dust.
You assume a fearsome visage.
The gnoll looks frightened!
Unknown command.
Throw: 2 boomerangs
Press: ? - help, Q - select action Shift-Dir - straight line, f/p - gnoll
Aim: a gnoll, wielding a +0 halberd (heavily wounded, fleeing, 63% to hit)
You throw a boomerang.
The boomerang hits the gnoll but does no damage.
Your attack snaps the gnoll out of its fear.
The gnoll is heavily wounded.
The gnoll hits you from afar with a +0 halberd!
You die...

#..........
#..........
#..........
#....$....!
#.....!....
#..........
#........>.
#.#.)..#+##
#..@..^....
#........##
#..g.......
##......##.
+......+
#.!....#
#......#
#......#


You could see a gnoll.

Vanquished Creatures
  Jessica (D:2)
  2 gnolls (D:2)
  3 adders
  A worm (D:2)
  A ball python (D:1)
  5 bats
  5 endoplasms
  3 giant cockroaches (D:2)
  5 goblins
  4 hobgoblins
  2 jackals (D:1)
  7 kobolds
  A quokka (D:1)
  A frilled lizard (D:1)
  3 rats
44 creatures vanquished.

Notes
Turn   | Place    | Note
-------+----------+-------------------------------------------
     0 | D:5      | drugrobin the Demigod Delver began the quest for the Orb.
     0 | D:5      | Reached XP level 1. HP: 18/18 MP: 3/3
     8 | D:6      | Noticed an iguana
    20 | D:6      | Noticed an ice beast
    20 | D:6      | Noticed an ice beast
    21 | D:6      | Noticed Veterankin's ghost (novice HOFi)
    94 | D:5      | Noticed Prince Ribbit
   194 | D:4      | Noticed an ogre
   194 | D:4      | Noticed a necrophage
   194 | D:4      | Found a staircase to the Ecumenical Temple.
   309 | D:5      | Found Fekueph's Jewellery Shop.
   326 | D:4      | Reached XP level 2. HP: 24/25 MP: 4/4
   645 | D:2      | Noticed Jessica
   651 | D:2      | Killed Jessica
   652 | D:2      | Reached XP level 3. HP: 14/31 MP: 5/5
  2194 | D:2      | Reached XP level 4. HP: 38/38 MP: 6/6
  3243 | D:3      | Mangled by a gnoll

Illustrated notes

Levels and vault maps discovered:
D:1:      minmay_arrival_three_doors, layout_basic, ebering_ecumenical_altar_box
D:2:      layout_loops_corners, basic_altar, minmay_fountain_box,
          minmay_misc_feat_x, minmay_worlds_worst_comb, uniq_jessica
D:3:      layout_basic, minmay_increasing_density
D:4:      layout_rooms, nicolae_gozag_seed_capital,
          mainiacjoe_overflow_tiny_flanked, minmay_temple_entry_statues,
          uniq_robin
D:5:      layout_gridville, serial_shops, shop_statue, chequers_big_river,
          uniq_prince_ribbit1
D:6:      minmay_angry_zag, layout_loops_ring, mainiacjoe_overflow_alcove_1,
          trog_hazing_becter, nicolae_hepliaklqana_hippocampus,
          gammafunk_ghost_icy, lemuel_old_faithful

Skill      XL: |  1  2 |
---------------+-------+-----
Axes           | 2 3 |  3.9
Fighting       | 3 |  3.6
Dodging        | |  1.7
Stealth        | |  4.5

Action                   |  1- 3 |  4- 6 || total
-------------------------+-------+-------++-------
Melee: Hand axe          |   111 |    44 ||   155
       Punch             |     1 |     1 ||     2
       Dagger            |       |     6 ||     6
       War axe           |       |     2 ||     2
Throw: Boomerang         |     4 |     5 ||     9
  Use: Scroll            |       |     1 ||     1
 Stab: Sleeping          |     5 |     2 ||     7
Armor: Leather armour    |    15 |       ||    15
       Ring mail         |    25 |     9 ||    34
Dodge: Dodged            |    57 |    43 ||   100

Table legend: (Time is in decaauts)
 A = Elapsed time spent in this place.
 B = Non-inter-level travel time spent in this place.
 C = Inter-level travel time spent in this place.
 D = Time resting spent in this place.
 E = Time spent auto-exploring this place.
 F = Levels seen in this place.
 G = Mean time per level.
                   A        B        C        D        E       F      G
               +--------+--------+--------+--------+--------+-----+--------+
         Total |   3269 |   3175 |     94 |    717 |   1739 |   6 |  544.8 |
       Dungeon |   3269 |   3175 |     94 |    717 |   1739 |   6 |  544.8 |
               +--------+--------+--------+--------+--------+-----+--------+

Top non-repeatable levels by time:
     D:2: 1531 daAuts
     D:1: 1229 daAuts
     D:5: 262 daAuts
     D:4: 125 daAuts
     D:3: 60 daAuts
     D:6: 59 daAuts
